General information
- name: BNet
- type: Ladder team game (AT/RT)
- host: Battle.net
- saver: Diocletian
map: Deathknell
- players: 8
- length: 40:47
- speed: Fast
- version: 1.26 W3XP
- replay type: Public
» download(208 KB)
Players
team 1 (winner)

»
ChioDoS-iZ-SiK (
green | 31 APM | 1267 actions | 40:47)
6 Demon Hunter
3 Mana Burn
2 Evasion
1 Metamorphosis
3 Keeper of the Grove
2 Entangling Roots
1 Thorns Aura
» actions
| Assign group hotkey | 15 | |
| Basic commands | 7 | |
| Build / train | 60 | |
| Enter build submenu | 17 | |
| Enter hero's abilities submenu | 9 | |
| Right click | 520 | |
| Select / deselect | 270 | |
| Select group hotkey | 327 | |
| Use ability | 42 | |
1267 total
» units
| Wisp | 9 | |
| Archer | 1 | |
| Huntress | 5 | |
| Chimaera | 6 | |
| Hippogryph | 14 | |
35 total
» upgrades
| Reinforced Hides | 3 | |
| Well Spring | 1 | |
| Corrosive Breath | 1 | |
| Ultravision | 1 | |
| Strength of the Wild | 2 | |
8 total
» buildings
| Altar of Elders | 1 | |
| Moon Well | 7 | |
| Ancient of War | 1 | |
| Hunter's Hall | 1 | |
| Tree of Ages | 2 | |
| Tree of Eternity | 1 | |
| Ancient of Wind | 1 | |
| Chimaera Roost | 2 | |
| Ancient of Wonders | 1 | |
| Tree of Life | 1 | |
18 total
» build order
00:04 Altar of Elders
00:12 Moon Well
00:58 Ancient of War
01:47 Hunter's Hall
02:17 Moon Well
03:46 Moon Well
04:10 Tree of Ages
04:11 Tree of Ages
06:35 Tree of Eternity
07:40 Ancient of Wind
08:58 Chimaera Roost
09:08 Chimaera Roost
10:43 Moon Well
11:12 Moon Well
11:17 Ancient of Wonders
12:31 Moon Well
18:03 Moon Well
40:47 Tree of Life
» items
YoureADollMolly (
red | 38 APM | 1566 actions | 40:47)
7 Blademaster
3 Wind Walk
3 Critical Strike
1 Bladestorm
» actions
| Assign group hotkey | 48 | |
| Basic commands | 174 | |
| Build / train | 85 | |
| Enter build submenu | 46 | |
| Enter hero's abilities submenu | 7 | |
| Give item / drop item | 1 | |
| Right click | 563 | |
| Select / deselect | 343 | |
| Select group hotkey | 160 | |
| Use ability | 139 | |
1566 total
» units
| Peon | 14 | |
| Grunt | 8 | |
| Goblin Shredder | 2 | |
| Goblin Sapper | 6 | |
| Wind Rider | 14 | |
44 total
» upgrades
| Pillage | 1 | |
| Ranged Weapons | 3 | |
| Armor | 3 | |
| Troll Regeneration | 1 | |
| Envenomed Spears | 1 | |
| Reinforced Defenses | 1 | |
| Spiked Barricades | 3 | |
| Liquid Fire | 1 | |
| Ensnare | 1 | |
| Burning Oil | 1 | |
16 total
» buildings
| Orc Burrow | 7 | |
| Altar of Storms | 1 | |
| Barracks | 1 | |
| Voodoo Lounge | 1 | |
| Stronghold | 1 | |
| Great Hall | 4 | |
| War Mill | 1 | |
| Watch Tower | 53 | |
| Fortress | 1 | |
| Beastiary | 4 | |
74 total
» build order
00:13 Orc Burrow
00:53 Altar of Storms
00:54 Barracks
01:11 Orc Burrow
01:36 Voodoo Lounge
02:50 Stronghold
04:55 Great Hall
05:14 War Mill
05:57 Orc Burrow
06:15 Orc Burrow
07:40 Great Hall
07:48 Watch Tower
07:48 Watch Tower
07:48 Watch Tower
07:50 Watch Tower
07:50 Watch Tower
09:10 Watch Tower
09:11 Watch Tower
09:12 Watch Tower
09:13 Watch Tower
09:14 Watch Tower
10:51 Watch Tower
10:51 Watch Tower
10:52 Watch Tower
10:52 Watch Tower
10:53 Watch Tower
10:53 Watch Tower
10:53 Watch Tower
10:54 Watch Tower
10:54 Watch Tower
10:54 Watch Tower
10:56 Watch Tower
10:56 Watch Tower
10:57 Watch Tower
10:57 Watch Tower
12:33 Fortress
13:17 Beastiary
13:19 Beastiary
13:21 Beastiary
13:24 Beastiary
14:49 Orc Burrow
14:54 Orc Burrow
14:58 Orc Burrow
24:13 Great Hall
29:01 Great Hall
30:08 Watch Tower
30:09 Watch Tower
30:10 Watch Tower
30:11 Watch Tower
30:12 Watch Tower
30:12 Watch Tower
30:13 Watch Tower
30:13 Watch Tower
30:14 Watch Tower
30:15 Watch Tower
30:16 Watch Tower
30:16 Watch Tower
30:17 Watch Tower
30:17 Watch Tower
30:18 Watch Tower
30:18 Watch Tower
30:19 Watch Tower
30:20 Watch Tower
30:20 Watch Tower
30:20 Watch Tower
30:22 Watch Tower
30:22 Watch Tower
30:22 Watch Tower
30:23 Watch Tower
30:24 Watch Tower
30:24 Watch Tower
30:25 Watch Tower
30:25 Watch Tower
30:26 Watch Tower
» items
| Healing Salve | 6 | |
| Potion of Healing | 2 | |
| Lesser Clarity Potion | 1 | |
| Scroll of Town Portal | 5 | |
| Orb of Lightning | 1 | |
15 total
Diocletian (
pink | 128 APM | 5219 actions | 40:47)
7 Archmage
3 Summon Water Elemental
3 Brilliance Aura
1 Mass Teleport
» actions
| Assign group hotkey | 140 | |
| Basic commands | 401 | |
| Build / train | 196 | |
| ESC pressed | 37 | |
| Enter build submenu | 82 | |
| Enter hero's abilities submenu | 8 | |
| Give item / drop item | 5 | |
| Right click | 1126 | |
| Select / deselect | 570 | |
| Select group hotkey | 2407 | |
| Use ability | 247 | |
5219 total
» units
| Peasant | 24 | |
| Footman | 14 | |
| Goblin Zeppelin | 3 | |
| Goblin Shredder | 3 | |
| Goblin Sapper | 8 | |
| Gryphon Rider | 10 | |
| Dragonhawk Rider | 4 | |
| Spell Breaker | 1 | |
67 total
» upgrades
| Masonry | 3 | |
| Lumber Harvesting | 2 | |
| Swords | 3 | |
| Defend | 1 | |
| Animal War Training | 1 | |
| Armor | 3 | |
| Backpack | 1 | |
| Storm Hammers | 1 | |
| Cloud | 1 | |
| Plating | 3 | |
| Gunpowder | 3 | |
| Long Rifles | 1 | |
| Magic Sentry | 1 | |
| Sorceress Training | 2 | |
| Priest Training | 2 | |
| Control Magic | 1 | |
29 total
» buildings
| Altar of Kings | 2 | |
| Barracks | 1 | |
| Farm | 16 | |
| Town Hall | 6 | |
| Arcane Vault | 1 | |
| Scout Tower | 35 | |
| Arcane Tower | 7 | |
| Lumber Mill | 1 | |
| Keep | 3 | |
| Blacksmith | 1 | |
| Guard Tower | 36 | |
| Castle | 3 | |
| Gryphon Aviary | 6 | |
| Arcane Sanctum | 1 | |
| Workshop | 5 | |
| Cannon Tower | 2 | |
126 total
» build order
00:05 Altar of Kings
00:06 Barracks
00:10 Altar of Kings
00:19 Farm
00:58 Farm
01:35 Farm
02:46 Farm
03:32 Town Hall
04:33 Arcane Vault
04:48 Scout Tower
05:23 Arcane Tower
05:24 Arcane Tower
05:26 Lumber Mill
06:13 Town Hall
06:15 Scout Tower
06:46 Arcane Tower
07:54 Keep
07:54 Keep
07:59 Farm
08:12 Farm
08:18 Blacksmith
08:26 Scout Tower
08:29 Scout Tower
08:31 Scout Tower
08:34 Scout Tower
08:37 Scout Tower
08:41 Scout Tower
09:00 Guard Tower
09:00 Guard Tower
09:02 Arcane Tower
09:11 Guard Tower
09:11 Guard Tower
09:25 Guard Tower
09:25 Guard Tower
09:25 Guard Tower
10:21 Castle
10:21 Castle
11:06 Scout Tower
11:08 Scout Tower
11:10 Scout Tower
11:12 Scout Tower
11:14 Scout Tower
11:17 Scout Tower
11:18 Scout Tower
11:21 Scout Tower
11:26 Scout Tower
12:07 Guard Tower
12:07 Guard Tower
12:07 Guard Tower
12:13 Guard Tower
12:13 Guard Tower
13:16 Gryphon Aviary
13:19 Gryphon Aviary
13:20 Gryphon Aviary
13:25 Gryphon Aviary
13:29 Gryphon Aviary
13:31 Gryphon Aviary
14:13 Farm
14:15 Farm
14:27 Scout Tower
14:29 Scout Tower
14:30 Scout Tower
14:31 Scout Tower
14:32 Scout Tower
14:34 Scout Tower
14:46 Scout Tower
14:47 Scout Tower
14:47 Scout Tower
14:48 Scout Tower
14:49 Scout Tower
14:55 Scout Tower
14:55 Scout Tower
14:57 Scout Tower
14:58 Scout Tower
14:59 Scout Tower
15:03 Scout Tower
15:09 Guard Tower
15:09 Guard Tower
15:26 Guard Tower
15:26 Guard Tower
16:00 Guard Tower
16:01 Guard Tower
16:32 Farm
18:07 Guard Tower
18:08 Guard Tower
18:08 Guard Tower
18:10 Guard Tower
18:10 Guard Tower
18:17 Farm
18:23 Arcane Sanctum
29:47 Town Hall
30:07 Farm
30:08 Farm
30:10 Farm
30:11 Farm
30:13 Farm
30:16 Farm
34:02 Workshop
34:03 Workshop
34:04 Workshop
34:05 Workshop
34:11 Workshop
38:58 Scout Tower
39:35 Cannon Tower
39:44 Town Hall
40:12 Town Hall
40:22 Town Hall
» items
| Scroll of Regeneration | 6 | |
| Scroll of Town Portal | 3 | |
| Orb of Fire | 2 | |
| Staff of Sanctuary | 1 | |
| Ivory Tower | 4 | |
| Potion of Healing | 3 | |
19 total
Heavens_Enclave (
orange | 28 APM | 711 actions | 25:34)
5 Death Knight
3 Death Coil
2 Unholy Aura
» actions
| Build / train | 59 | |
| Enter build submenu | 18 | |
| Enter hero's abilities submenu | 8 | |
| Remove unit from queue | 11 | |
| Right click | 366 | |
| Select / deselect | 215 | |
| Use ability | 34 | |
711 total
» units
| Ghoul | 9 | |
| Abomination | 10 | |
| Acolyte | 2 | |
| Frost Wyrm | 19 | |
40 total
» upgrades
| Unholy Strength | 1 | |
| Unholy Armor | 0 | |
| Creature Attack | 3 | |
| Disease Cloud | 1 | |
| Freezing Breath | 0 | |
5 total
» buildings
| Altar of Darkness | 1 | |
| Ziggurat | 7 | |
| Crypt | 1 | |
| Halls of the Dead | 1 | |
| Graveyard | 1 | |
| Slaughterhouse | 1 | |
| Black Citadel | 1 | |
| Sacrificial Pit | 1 | |
| Boneyard | 1 | |
15 total
» build order
00:12 Altar of Darkness
00:15 Ziggurat
00:24 Crypt
03:11 Halls of the Dead
03:30 Ziggurat
04:04 Graveyard
05:34 Slaughterhouse
07:08 Black Citadel
09:12 Ziggurat
09:16 Ziggurat
10:49 Sacrificial Pit
12:06 Boneyard
14:27 Ziggurat
15:33 Ziggurat
17:52 Ziggurat
team 2 (loser)

»
omg.wtf.no (
yellow | 41 APM | 856 actions | 20:43)
3 Tauren Chieftain
2 Endurance Aura
1 Shockwave
2 Far Seer
1 Far Sight
1 Chain Lighting
1 Shadow Hunter
1 Healing Wave
» actions
| Assign group hotkey | 12 | |
| Basic commands | 65 | |
| Build / train | 69 | |
| Enter build submenu | 37 | |
| Enter hero's abilities submenu | 7 | |
| Right click | 108 | |
| Select / deselect | 277 | |
| Select group hotkey | 201 | |
| Use ability | 80 | |
856 total
» units
| Peon | 10 | |
| Troll Headhunter/Berserker | 8 | |
| Grunt | 6 | |
| Gnoll Overseer | 2 | |
| Goblin Shredder | 1 | |
| Tauren | 2 | |
| Shaman | 2 | |
31 total
» upgrades
| Melee Weapons | 2 | |
| Armor | 3 | |
| Berserker Strength | 1 | |
| Troll Regeneration | 1 | |
| Spiked Barricades | 2 | |
| Reinforced Defenses | 2 | |
| Ranged Weapons | 2 | |
| Pulverize | 1 | |
| Shaman Training | 2 | |
| Berserker Upgrade | 1 | |
17 total
» buildings
| Altar of Storms | 1 | |
| Orc Burrow | 9 | |
| War Mill | 2 | |
| Barracks | 2 | |
| Stronghold | 2 | |
| Voodoo Lounge | 2 | |
| Spirit Lodge | 3 | |
| Great Hall | 4 | |
| Watch Tower | 13 | |
| Fortress | 1 | |
| Beastiary | 1 | |
40 total
» build order
00:40 Altar of Storms
00:45 Orc Burrow
01:29 War Mill
01:54 Orc Burrow
02:11 Barracks
02:34 Orc Burrow
03:07 Orc Burrow
04:51 Stronghold
04:54 Stronghold
05:02 Orc Burrow
05:21 War Mill
05:41 Orc Burrow
06:22 Voodoo Lounge
06:26 Orc Burrow
06:48 Barracks
08:04 Spirit Lodge
09:04 Great Hall
09:06 Orc Burrow
10:56 Watch Tower
11:00 Watch Tower
11:05 Voodoo Lounge
11:13 Watch Tower
12:31 Great Hall
12:39 Watch Tower
12:41 Watch Tower
12:56 Great Hall
13:00 Watch Tower
13:09 Watch Tower
13:17 Watch Tower
13:22 Watch Tower
14:11 Fortress
14:31 Great Hall
14:51 Spirit Lodge
14:53 Spirit Lodge
17:49 Watch Tower
17:53 Watch Tower
17:54 Watch Tower
17:54 Watch Tower
18:13 Orc Burrow
19:11 Beastiary
» items
| Healing Salve | 4 | |
| Lesser Clarity Potion | 1 | |
| Scroll of Speed | 1 | |
| Scroll of Town Portal | 2 | |
8 total
L33TCreeper (
teal | 38 APM | 1569 actions | 40:47)
1 Blademaster
1 Critical Strike
3 Archmage
2 Summon Water Elemental
1 Brilliance Aura
1 Tauren Chieftain
1 Shockwave
» actions
| Basic commands | 73 | |
| Build / train | 181 | |
| Enter build submenu | 88 | |
| Enter hero's abilities submenu | 5 | |
| Remove unit from queue | 1 | |
| Right click | 381 | |
| Select / deselect | 726 | |
| Use ability | 113 | |
1569 total
» units
| Peasant | 26 | |
| Peon | 16 | |
| Footman | 13 | |
| Grunt | 15 | |
| Rifleman | 4 | |
| Gryphon Rider | 15 | |
| Tauren | 11 | |
| Troll Headhunter/Berserker | 1 | |
| Shaman | 5 | |
106 total
» upgrades
| Berserker Strength | 1 | |
| Masonry | 3 | |
| Melee Weapons | 2 | |
| Swords | 3 | |
| Armor | 3 | |
| Lumber Harvesting | 2 | |
| Magic Sentry | 1 | |
| Storm Hammers | 1 | |
16 total
» buildings
| Farm | 12 | |
| Altar of Kings | 1 | |
| Altar of Storms | 1 | |
| Orc Burrow | 9 | |
| Barracks | 3 | |
| Lumber Mill | 1 | |
| Voodoo Lounge | 1 | |
| Scout Tower | 38 | |
| Blacksmith | 1 | |
| Arcane Vault | 2 | |
| Guard Tower | 27 | |
| Town Hall | 4 | |
| Keep | 4 | |
| Fortress | 2 | |
| Castle | 1 | |
| Gryphon Aviary | 3 | |
| Tauren Totem | 2 | |
| Arcane Sanctum | 1 | |
113 total
» build order
00:52 Farm
00:53 Altar of Kings
00:57 Altar of Storms
00:59 Orc Burrow
01:37 Farm
01:41 Barracks
01:47 Barracks
01:53 Lumber Mill
01:57 Orc Burrow
02:19 Voodoo Lounge
02:26 Farm
02:28 Scout Tower
02:32 Scout Tower
02:43 Blacksmith
02:53 Arcane Vault
03:03 Guard Tower
03:09 Guard Tower
03:09 Guard Tower
03:43 Farm
03:50 Barracks
03:54 Orc Burrow
05:02 Orc Burrow
05:26 Town Hall
05:53 Farm
05:54 Scout Tower
05:56 Scout Tower
06:23 Farm
06:24 Guard Tower
07:03 Arcane Vault
07:20 Farm
07:22 Scout Tower
07:35 Keep
07:36 Keep
07:40 Fortress
07:51 Scout Tower
07:54 Scout Tower
07:57 Scout Tower
08:21 Scout Tower
08:24 Scout Tower
08:25 Guard Tower
08:25 Guard Tower
08:27 Scout Tower
08:29 Guard Tower
08:46 Orc Burrow
08:50 Guard Tower
08:55 Guard Tower
08:58 Scout Tower
09:01 Scout Tower
09:08 Scout Tower
09:09 Guard Tower
09:23 Scout Tower
09:24 Scout Tower
09:27 Guard Tower
09:43 Guard Tower
10:44 Guard Tower
10:45 Scout Tower
10:46 Castle
10:52 Gryphon Aviary
10:55 Gryphon Aviary
10:59 Scout Tower
11:36 Tauren Totem
11:38 Tauren Totem
11:54 Gryphon Aviary
11:59 Guard Tower
12:09 Arcane Sanctum
12:10 Guard Tower
12:11 Scout Tower
12:19 Orc Burrow
12:22 Orc Burrow
12:43 Farm
12:45 Farm
12:46 Guard Tower
13:19 Farm
13:21 Farm
13:41 Orc Burrow
13:49 Orc Burrow
13:53 Scout Tower
13:55 Scout Tower
13:57 Scout Tower
13:59 Scout Tower
14:43 Guard Tower
14:45 Scout Tower
14:47 Scout Tower
14:48 Scout Tower
14:50 Scout Tower
15:17 Guard Tower
16:09 Town Hall
16:17 Town Hall
19:17 Farm
22:30 Scout Tower
22:43 Scout Tower
22:47 Scout Tower
23:25 Guard Tower
23:31 Scout Tower
23:40 Scout Tower
23:42 Scout Tower
23:44 Scout Tower
24:06 Guard Tower
24:14 Guard Tower
25:08 Scout Tower
25:50 Guard Tower
27:25 Scout Tower
27:27 Scout Tower
27:32 Scout Tower
28:41 Town Hall
33:53 Guard Tower
» items
| Scroll of Regeneration | 2 | |
| Lesser Clarity Potion | 1 | |
| Scroll of Town Portal | 3 | |
6 total

»
manther (
purple | 44 APM | 905 actions | 20:31)
3 Keeper of the Grove
1 Force of Nature
2 Entangling Roots
2 Blademaster
1 Wind Walk
1 Critical Strike
2 Warden
1 Blink
1 Fan of Knives
» actions
| Assign group hotkey | 15 | |
| Basic commands | 97 | |
| Build / train | 57 | |
| Enter build submenu | 24 | |
| Enter hero's abilities submenu | 7 | |
| Remove unit from queue | 4 | |
| Right click | 240 | |
| Select / deselect | 240 | |
| Select group hotkey | 178 | |
| Use ability | 43 | |
905 total
» units
| Wisp | 12 | |
| Archer | 9 | |
| Dryad | 12 | |
| Mountain Giant | 1 | |
| Chimaera | 1 | |
35 total
» upgrades
| Strength of the Moon | 2 | |
| Abolish Magic | 1 | |
| Reinforced Hides | 0 | |
| Moon Armor | 2 | |
| Resistant Skin | 1 | |
6 total
» buildings
| Altar of Elders | 1 | |
| Moon Well | 11 | |
| Ancient of War | 1 | |
| Hunter's Hall | 1 | |
| Tree of Ages | 1 | |
| Ancient of Wonders | 1 | |
| Ancient of Lore | 2 | |
| Tree of Eternity | 1 | |
| Ancient of Wind | 1 | |
| Chimaera Roost | 2 | |
22 total
» build order
00:07 Altar of Elders
00:23 Moon Well
01:09 Ancient of War
01:29 Moon Well
01:36 Moon Well
02:35 Moon Well
02:48 Hunter's Hall
03:40 Moon Well
04:26 Tree of Ages
04:39 Moon Well
05:42 Ancient of Wonders
06:58 Ancient of Lore
07:22 Moon Well
09:19 Moon Well
11:31 Moon Well
11:47 Ancient of Lore
12:57 Moon Well
13:13 Tree of Eternity
14:48 Moon Well
16:35 Ancient of Wind
18:01 Chimaera Roost
20:19 Chimaera Roost
» items
Chat log
(00:07 / Allies) ChioDoS-iZ-SiK: hi
(00:08 / All) L33TCreeper: ehehehe
(00:16 / All) Diocletian: A raping we shall go, a raping we shall go
(00:20 / All) Heavens_Enclave: EXE;;EMT
(00:27 / All) ChioDoS-iZ-SiK: hi ho
(00:28 / All) ChioDoS-iZ-SiK: hi ho
(00:32 / All) Diocletian: the noddy oh
(00:38 / Allies) Heavens_Enclave: HERP
(00:43 / Allies) Heavens_Enclave: Our team is all races
(00:46 / Allies) Heavens_Enclave: red=orc
(00:48 / Allies) Heavens_Enclave: pink=human
(00:50 / All) Diocletian: Yes
(00:51 / Allies) Heavens_Enclave: green=ne
(00:51 / Allies) Heavens_Enclave: lol
(01:17 / Allies) ChioDoS-iZ-SiK: howd u know?
(01:24 / Allies) Diocletian: Know what?
(01:29 / Allies) YoureADollMolly: what units are you getting green
(01:30 / Allies) ChioDoS-iZ-SiK: u must
(01:49 / Allies) Heavens_Enclave: im getting frost/abom
(01:54 / Allies) ChioDoS-iZ-SiK: i'm harassing
(01:58 / Allies) Heavens_Enclave: red
(01:58 / All) YoureADollMolly: orange is UD he's getting frost abom
(02:05 / Allies) Heavens_Enclave: she*
(02:16 / Allies) Heavens_Enclave: red
(02:18 / Allies) Heavens_Enclave: u getting?
(02:24 / Allies) YoureADollMolly: wyverns
(02:31 / Allies) Heavens_Enclave: shammies?
(02:34 / Allies) YoureADollMolly: nope
(02:45 / Allies) YoureADollMolly: Gold please? Lumber?
(02:47 / Allies) Heavens_Enclave: could of used bloodlust+abom+auras+
(02:59 / Allies) YoureADollMolly: Tell it to your livejournal
(03:00 / Allies) Heavens_Enclave: +towers etc
(03:48 / Allies) ChioDoS-iZ-SiK: worth it
(03:58 / Allies) Diocletian: How many peons did you get?
(04:02 / Allies) ChioDoS-iZ-SiK: 3
(04:07 / Allies) ChioDoS-iZ-SiK: and burned all mana
(05:11 / Allies) ChioDoS-iZ-SiK: nice pink
(05:21 / Allies) Diocletian: ?
(05:23 / Allies) Heavens_Enclave: just a dk walk'n through
(05:24 / Allies) ChioDoS-iZ-SiK: expo
(05:48 / Allies) Heavens_Enclave: green
(05:50 / Allies) Heavens_Enclave: what r u goin
(05:53 / Allies) Heavens_Enclave: pink
(05:54 / Allies) Heavens_Enclave: gimme?
(06:00 / Allies) YoureADollMolly: FUCK
(06:02 / Allies) YoureADollMolly: forgot to make burrow
(06:15 / Allies) Heavens_Enclave: lol
(06:24 / Allies) Diocletian: You want the item or not?
(06:25 / Allies) Heavens_Enclave: fine pink;take all my gms D;
(06:28 / Allies) Heavens_Enclave: yea
(06:30 / Allies) Diocletian: aight I will
(06:32 / Allies) Heavens_Enclave: usefull for aboms
(06:32 / Allies) Heavens_Enclave: :P
(06:45 / Allies) ChioDoS-iZ-SiK: bear for me i guess?
(06:47 / Allies) ChioDoS-iZ-SiK: whos got melee
(06:48 / Allies) YoureADollMolly: Are you cray
(06:58 / Allies) Heavens_Enclave: green
(07:00 / Allies) Heavens_Enclave: get chim
(07:01 / Allies) Heavens_Enclave: and
(07:03 / Allies) Heavens_Enclave: huntress
(07:09 / Allies) ChioDoS-iZ-SiK: deak
(07:11 / Allies) ChioDoS-iZ-SiK: deak
(07:12 / Allies) Heavens_Enclave: stupid nigga
(07:12 / Allies) ChioDoS-iZ-SiK: deal
(07:25 / Allies) Diocletian: what kind of woman says nigga?
(07:31 / Allies) Heavens_Enclave: Black women
(07:38 / Allies) Diocletian: are you a nigress
(07:43 / Allies) Heavens_Enclave: obv
(07:52 / Allies) Heavens_Enclave: imagine..a asian black women
(07:55 / Allies) Heavens_Enclave: whos jewish
(08:26 / Allies) YoureADollMolly: I didn't know there were two shreds each side lol
(08:31 / Allies) Heavens_Enclave: lol
(09:30 / Allies) ChioDoS-iZ-SiK: b
(09:40 / Allies) Heavens_Enclave: super op dk to the rescue
(10:55 / Allies) ChioDoS-iZ-SiK: get gol
(11:03 / Allies) ChioDoS-iZ-SiK: red
(11:16 / Allies) YoureADollMolly: oops lol
(11:22 / Allies) YoureADollMolly: no wonder I don't have gold
(11:26 / Allies) ChioDoS-iZ-SiK: smh
(11:39 / Allies) YoureADollMolly: hall
(11:39 / Allies) YoureADollMolly: hall
(11:40 / Allies) YoureADollMolly: hall
(11:41 / Allies) YoureADollMolly: hall
(11:41 / Allies) YoureADollMolly: hall
(11:42 / Allies) YoureADollMolly: hall
(11:47 / Allies) Diocletian: thought he had more
(11:59 / Allies) ChioDoS-iZ-SiK: b
(12:27 / Allies) ChioDoS-iZ-SiK: gold me?
(12:38 / Allies) Heavens_Enclave: i need gold4frost
(12:39 / Allies) Heavens_Enclave: :/
(12:39 / Allies) ChioDoS-iZ-SiK: pink
(12:41 / Allies) ChioDoS-iZ-SiK: ;p;;
(12:42 / Allies) ChioDoS-iZ-SiK: lol
(12:47 / Allies) ChioDoS-iZ-SiK: can i have gold
(12:48 / Allies) ChioDoS-iZ-SiK: please
(13:00 / Allies) YoureADollMolly: this is funny
(13:23 / Allies) Diocletian: I gave you gold sir
(13:31 / Allies) ChioDoS-iZ-SiK: like 3k more ?
(13:33 / Allies) Heavens_Enclave: gold meh?
(13:34 / Allies) Diocletian: No
(13:37 / Allies) Heavens_Enclave: green
(13:37 / Allies) Heavens_Enclave: shoo
(13:40 / Allies) Diocletian: I gave him all of it
(13:48 / Allies) Heavens_Enclave: i jsut need 1k
(13:53 / Allies) ChioDoS-iZ-SiK: red gold me?
(13:55 / Allies) Diocletian: That is a lot of money
(13:56 / All) YoureADollMolly: fuckj you upurpl
(13:57 / Allies) Diocletian: I'm not a bank
(15:05 / Allies) ChioDoS-iZ-SiK: red gold?
(16:26 / Allies) ChioDoS-iZ-SiK: red hit w me?!
(16:33 / Allies) YoureADollMolly: I'm hitting top
(16:42 / Allies) Heavens_Enclave: ill hit with ya red
(17:02 / Allies) Heavens_Enclave: FASTER MY SLAVES
(17:03 / Allies) Heavens_Enclave: FASTER
(17:05 / Allies) Heavens_Enclave: I TELL U
(17:06 / Allies) Heavens_Enclave: FASTER
(18:19 / Allies) ChioDoS-iZ-SiK: pnk
(18:22 / Allies) ChioDoS-iZ-SiK: share gold?
(18:27 / Allies) Diocletian: I need more
(18:27 / Allies) Heavens_Enclave: green
(18:28 / Allies) Diocletian: Gold me
(18:31 / Allies) Heavens_Enclave: here i give u promise
(18:34 / Allies) Heavens_Enclave: u go kill
(18:34 / Allies) Heavens_Enclave: a
(18:35 / Allies) YoureADollMolly: hit top
(18:35 / Allies) Heavens_Enclave: go
(18:37 / Allies) Heavens_Enclave: gold mine
(18:38 / Allies) Heavens_Enclave: with me
(18:40 / Allies) Heavens_Enclave: u get it
(18:44 / Allies) Diocletian: One of theirs I hope
(19:10 / Allies) YoureADollMolly: come orange you indolent, yellow hearted bastage
(19:23 / Allies) YoureADollMolly: move it lazy bones
(19:37 / Allies) Heavens_Enclave: back
(19:48 / All) manther: gg
(19:53 / All) Heavens_Enclave: Yea bitch
(20:44 / All) ChioDoS-iZ-SiK: Gg
(20:50 / Allies) ChioDoS-iZ-SiK: fuck u pink
(21:17 / Allies) Heavens_Enclave: we movin on?
(21:30 / Allies) Diocletian: Yes, to greater things
(22:45 / Allies) Heavens_Enclave: teals
(22:46 / Allies) Heavens_Enclave: a
(22:47 / Allies) Heavens_Enclave: baws
(22:56 / Allies) Diocletian: I don't work with animals. Borous, translate!
(23:10 / Allies) Diocletian: I don't like women in my male games
(23:16 / All) YoureADollMolly: And they called it PUPPY LOOOOVVVVEEE
(23:16 / Allies) Diocletian: And I don't like Negroes
(23:19 / Allies) Diocletian: Or Nigresses
(23:34 / Allies) Heavens_Enclave: and dont like pinks in my game
(23:41 / Allies) Diocletian: Why not? It's a girl colour
(23:52 / Allies) Heavens_Enclave: purples r better
(25:06 / Allies) ChioDoS-iZ-SiK: no one is safe
(25:10 / Allies) Diocletian: creeping lol
(25:45 / All) Diocletian: Our work is almost done
(25:49 / All) Diocletian: Now green needs to leave
(25:55 / Allies) ChioDoS-iZ-SiK: afk
(25:55 / All) L33TCreeper: me?
(26:00 / All) Diocletian: No
(26:01 / All) Diocletian: Green
(26:03 / All) Diocletian: You are teal
(26:04 / All) L33TCreeper: lol
(26:16 / Allies) YoureADollMolly: Leave green
(26:22 / Allies) YoureADollMolly: You'll get a tie instead of a loss
(26:26 / Allies) Diocletian: Stay and you get a loss
(26:30 / Allies) Diocletian: Leave and you get a tie
(26:56 / All) L33TCreeper: wheres green ill get him
(27:08 / All) YoureADollMolly: dead except hippos
(27:11 / All) L33TCreeper: i c
(27:20 / Allies) Diocletian: wisp
(27:32 / Allies) YoureADollMolly: Deju vu
(27:38 / Allies) YoureADollMolly: I've experienced this before
(27:45 / Allies) Diocletian: Experienced what?
(27:49 / Allies) YoureADollMolly: don't kill the moonwells
(27:51 / Allies) YoureADollMolly: we might need them
(27:56 / Allies) YoureADollMolly: this moment
(28:00 / Allies) Diocletian: You think he is planning something?
(28:06 / Allies) YoureADollMolly: I'd like for green to leave
(28:09 / Allies) YoureADollMolly: so we can ask him to leave
(28:13 / Allies) YoureADollMolly: and see if he will
(28:20 / Allies) Diocletian: I don't think green will
(28:27 / Allies) YoureADollMolly: Unfortunately
(28:32 / All) L33TCreeper: do u guys want the win?
(28:35 / All) Diocletian: No
(28:38 / All) Diocletian: We are killing our stuff
(28:40 / All) Diocletian: and talking
(28:41 / All) YoureADollMolly: we gotta get green to quit
(28:45 / All) L33TCreeper: lol
(28:57 / Allies) Diocletian: Well I got 15k if he turns on us
(29:16 / Allies) YoureADollMolly: I got units sooner than I wanted
(29:20 / All) L33TCreeper: yellow was pretty good?
(29:28 / All) YoureADollMolly: no
(29:42 / All) L33TCreeper: lol he got farsight
(29:45 / All) L33TCreeper: not wolf
(29:49 / All) YoureADollMolly: we were toying with him till purple showed upo
(29:53 / All) YoureADollMolly: denying his expo
(30:36 / Allies) YoureADollMolly: Green this is your last chance
(30:43 / Allies) YoureADollMolly: Leave or we destroy our buildings causing you to get a loss
(30:58 / All) L33TCreeper: he doesnt want to lose?
(31:06 / All) Diocletian: Still trying to get him to leave
(31:09 / All) YoureADollMolly: we destroy our buildings
(31:14 / All) L33TCreeper: oh
(31:25 / All) L33TCreeper: i only have 3k
(33:25 / Allies) YoureADollMolly: Let's see if he tries to tkae it
(33:31 / Allies) Diocletian: doesn't look like it
(33:39 / All) L33TCreeper: yowza
(33:44 / Allies) Diocletian: I think he can be trusted, he is just a little clueless
(36:46 / All) L33TCreeper: lala
(37:59 / Allies) YoureADollMolly: Green should always lose
(38:05 / Allies) Diocletian: Why?
(38:10 / Allies) YoureADollMolly: He is a faggot
(38:11 / All) L33TCreeper: suicide